 Dungeon Crawl Stone Soup version 0.31-a0-1074-g0b22e4e0f1 (webtiles) character file.

Game seed: 8469095533740085172

362532 schwank the Conqueror (level 21, -9/171 (224) HPs)
             Began as a Minotaur Fighter on Nov 30, 2023.
             Was the Champion of Qazlal.
             Killed from afar by a golden dragon (17 damage)
             ... with a bolt of cold
             ... on level 5 of the Vaults on Dec 1, 2023.
             The game lasted 02:19:47 (46830 turns).

schwank the Conqueror (Minotaur Fighter)           Turns: 46830, Time: 02:19:47

HP:   -9/171 (224)  AC: 44    Str: 30    XL:     21   Next: 52%
MP:   32/32         EV:  9    Int:  9    God:    Qazlal [******]
Gold: 4081          SH: 13    Dex: 12    Spells: 20/20 levels left

rFire   + + +        L - +8 frozen axe "Frostbite" {freeze, freezing cloud, *Noise Fly rC+}
rCold   + . .        (shield currently unavailable)
rNeg    . . .        O - +7 crystal plate armour
rPois   +            Y - +2 hat {SInv}
rElec   +            c - +0 cloak "Qunueg" {rElec Will+ Slay+5 SInv}
rCorr   +            t - +1 pair of gloves "Jehe" {rF++}
SInv    +            (no boots)
Will    +++..        J - amulet of the Supporting Quests {Reflect Fly rF+ Int+2 SH+5 Stlth+} Stlth
                     k - ring of the Raven {rPois Will+ Int+2}
HPRegen 0.48/turn    i - ring of resist corrosion
MPRegen 0.23/turn

%: repel missiles, reflection
@: about to teleport, protected from physical damage, flying, heavily drained
A: horns 2, retaliatory headbutt
}: 2/15 runes: decaying, gossamer
a: Renounce Religion, Upheaval, Elemental Force, Disaster Area


You were on level 5 of the Vaults.
You worshipped Qazlal.
Qazlal was exalted by your worship.
You visited 8 branches of the dungeon, and saw 37 of its levels.
You also visited: Ice Cave and Desolation.

You collected 4612 gold pieces.
You spent 531 gold pieces at shops.

Inventory:

Hand Weapons
 L - the +8 frozen axe "Frostbite" (weapon) {freeze, freezing cloud, *Noise Fly rC+}
   (You found it on level 9 of the Dungeon)

   rC+:       It protects you from cold.
   Fly:       It grants you flight.
   *Noise:    It may make a loud noise when swung.
 M - the +10 dark maul {heavy}
   (You found it on level 10 of the Dungeon)
 P - a +3 spectral executioner's axe
 Z - the +3 glaive "Cezioth" {heavy, +Blink Dex+3}
   (You found it on level 3 of the Spider Nest)

   Dex+3:     It affects your dexterity (+3).
   +Blink:    It lets you blink.
Armour
 c - the +0 cloak "Qunueg" (worn) {rElec Will+ Slay+5 SInv}
   (You found it on level 5 of the Lair of Beasts)

   Slay+5:    It affects your accuracy & damage with ranged weapons and melee
   (+5).
   rElec:     It insulates you from electricity.
   Will+:     It increases your willpower.
   SInv:      It lets you see invisible.
 p - the +1 cloak of Past Mistakes {rN++ Dex+3}
   (You found it on level 2 of the Dungeon)

   Dex+3:     It affects your dexterity (+3).
   rN++:      It greatly protects you from negative energy.
 t - the +1 pair of gloves "Jehe" (worn) {rF++}
   (You acquired it on level 12 of the Dungeon)

   rF++:      It greatly protects you from fire.
 v - the +5 kite shield of Nihilism {Will+ rCorr Str+4 Int+3}
   (You took it off Asterion on level 1 of the Vaults)

   Str+4:     It affects your strength (+4).
   Int+3:     It affects your intelligence (+3).
   Will+:     It increases your willpower.
   rCorr:     It protects you from acid and corrosion.
 O - a +7 crystal plate armour (worn)
 Y - a +2 hat of see invisible (worn)
Jewellery
 a - the amulet of Fidas {Reflect rF+ Str+2 Dex-2 SH+5}
   (You found it in an ice cave)

   [amulet of reflection]

   Reflect:   It reflects blocked missile attacks.
   Str+2:     It affects your strength (+2).
   Dex-2:     It affects your dexterity (-2).
   rF+:       It protects you from fire.
   SH+5:      It affects your SH (+5).
 i - a ring of resist corrosion (right hand)
 k - the ring of the Raven (left hand) {rPois Will+ Int+2}
   (You found it in an ice cave)

   [ring of willpower]

   Int+2:     It affects your intelligence (+2).
   rPois:     It protects you from poison Will+: It increases your willpower.
 G - the ring of Necveb {Drain Str+4 Int+6}
   (You found it in the Desolation of Salt)

   [ring of intelligence]

   Str+4:     It affects your strength (+4).
   Int+6:     It affects your intelligence (+6).
   Drain:     It drains your maximum health when unequipped.
 J - the amulet of the Supporting Quests (around neck) {Reflect Fly rF+ Int+2 SH+5 Stlth+}
   (You bought it in a shop on level 1 of the Dungeon)

   [amulet of reflection]

   Reflect:   It reflects blocked missile attacks.
   Int+2:     It affects your intelligence (+2).
   rF+:       It protects you from fire.
   Fly:       It grants you flight.
   SH+5:      It affects your SH (+5).
   Stlth+:    It makes you more stealthy.
 K - the ring of the Jolly Quests {rF+ Will+}
   (You found it in the Desolation of Salt)

   [ring of protection from fire]

   rF+:       It protects you from fire.
   Will+:     It increases your willpower.
 R - the amulet "Nukehiep" {Spirit Stlth+}
   (You found it in an ice cave)

   [amulet of guardian spirit]

   Spirit:    It causes incoming damage to be divided between your reserves of
   health and magic.
   Stlth+:    It makes you more stealthy.
 X - the amulet of Toyf {RegenMP Str+4 Dex+3}
   (You found it in an ice cave)

   [amulet of magic regeneration]

   RegenMP:   It increases your rate of magic regeneration.
   Str+4:     It affects your strength (+4).
   Dex+3:     It affects your dexterity (+3).
Talismans
 b - the granite talisman of Yrath {Dex+3 Slay+2}
   (You took it off Roxanne on level 1 of the Spider Nest)

   [granite talisman]

   Dex+3:     It affects your dexterity (+3).
   Slay+2:    It affects your accuracy & damage with ranged weapons and melee
   (+2).
Wands
 e - a wand of polymorph (12)
 l - a wand of iceblast (31) (quivered)
 q - a wand of mindburst (20)
 w - a wand of quicksilver (27)
 x - a wand of flame (50)
 B - a wand of digging (12)
 V - a wand of charming (21)
Scrolls
 g - 6 scrolls of summoning
 h - 19 scrolls of teleportation
 n - 6 scrolls of vulnerability
 r - 5 scrolls of fear
 s - 2 scrolls of silence
 u - 7 scrolls of poison
 y - a scroll of revelation
 D - 2 scrolls of enchant armour
 F - 3 scrolls of immolation
 S - 4 scrolls of enchant weapon
 T - a scroll of fog
Potions
 f - 6 potions of enlightenment
 j - 5 potions of brilliance
 m - 3 potions of curing
 o - 3 potions of berserk rage
 z - 4 potions of invisibility
 A - 9 potions of ambrosia
 C - 9 potions of mutation
 E - 8 potions of magic
 H - 3 potions of cancellation
 I - 3 potions of resistance
Miscellaneous
 N - a tin of tremorstones (2/2)
 Q - a lightning rod (4/4)
 U - a phial of floods


   Skills:
 O Level 27 Fighting
 - Level 24.0 Axes
 + Level 21.1 Armour
 + Level 4.7 Dodging
 + Level 2.6 Stealth
 + Level 6.4 Shields
 * Level 16.7 Invocations
 + Level 1.0 Evocations
 * Level 3.3 Shapeshifting


You had 20 spell levels left.
You didn't know any spells.
Your spell library contained the following spells:

 Spells                   Type           Power      Damage    Failure   Level
 Apportation              Tloc           0%         N/A       98%         1
 Magic Dart               Conj           0%         1d3       98%         1
 Sandblast                Erth           0%         2d4       98%         1
 Shock                    Conj/Air       0%         1d3       98%         1
 Sting                    Tmut/Pois      0%         1d3       98%         1
 Blink                    Tloc           0%         N/A       99%         2
 Jinxbite                 Hex            0%         N/A       99%         2
 Lesser Beckoning         Tloc           0%         N/A       99%         2
 Momentum Strike          Conj/Tloc      0%         3d8       99%         2
 Passwall                 Tmut/Erth      0%         N/A       99%         2
 Searing Ray              Conj           0%         2d4       99%         2
 Static Discharge         Conj/Air       0%         3-3/arc   99%         2
 Sublimation of Blood     Necr           0%         N/A       99%         2
 Wereblood                Tmut           0%         N/A       99%         2
 Dazzling Flash           Conj/Hex       0%         N/A       100%        3
 Gell's Gravitas          Tloc           0%         N/A       100%        3
 Ignite Poison            Fire/Tmut/Pois 0%         N/A       100%        3
 Inner Flame              Hex/Fire       0%         N/A       100%        3
 Stone Arrow              Conj/Erth      0%         3d7       100%        3
 Swiftness                Air            0%         N/A       100%        3
 Teleport Other           Tloc           0%         N/A       100%        3
 Tukima's Dance           Hex            0%         N/A       100%        3
 Volatile Blastmotes      Fire/Tloc      0%         2d10      100%        3
 Airstrike                Air            0%         2d(0-16)  100%        4
 Animate Dead             Necr           0%         N/A       100%        4
 Brom's Barrelling Bould  Conj/Erth      0%         2d3       100%        4
 Dimensional Bullseye     Hex/Tloc       0%         N/A       100%        4
 Flame Wave               Conj/Fire      0%         2d4       100%        4
 Fulminant Prism          Conj/Hex       0%         3d5       100%        4
 Iskenderun's Mystic Bla  Conj/Tloc      0%         2d3       100%        4
 Sticky Flame             Conj/Fire      0%         2d3       100%        4
 Summon Ice Beast         Ice/Summ       0%         N/A       100%        4
 Summon Lightning Spire   Summ/Air       0%         N/A       100%        4
 Agony                    Necr           0%         N/A       100%        5
 Alistair's Intoxication  Tmut/Pois      0%         N/A       100%        5
 Borgnjor's Vile Clutch   Necr/Erth      0%         N/A       100%        5
 Silence                  Hex/Air        0%         N/A       100%        5
 Summon Mana Viper        Hex/Summ       0%         N/A       100%        5
 Death Channel            Necr           0%         N/A       100%        6
 Eringya's Noxious Bog    Tmut/Pois      0%         4d6       100%        6
 Monstrous Menagerie      Summ           0%         N/A       100%        7
 Summon Hydra             Summ           0%         N/A       100%        7


Dungeon Overview and Level Annotations

Branches:
Dungeon (15/15)            Temple (1/1) D:7            Lair (5/5) D:10
  Swamp (4/4) Lair:3       Spider (4/4) Lair:3        Slime (0/5) Lair:4
    Orc (2/2) D:10            Elf (0/3) Orc:2        Vaults (5/5) D:14
  Crypt (0/3) Vaults:3     Depths (1/4) D:15          IceCv (visited)
Desolation (visited)

Altars:
Ashenzari
Cheibriados
Dithmenos
Elyvilon
Fedhas
Gozag
Hepliaklqana
Kikubaaqudgha
Makhleb
Nemelex Xobeh
Okawaru
Qazlal
Ru
Sif Muna
Trog
Uskayaw
Vehumet
Wu Jian
Xom
Yredelemnul
Zin
The Shining One
Jiyva

Shops:
D:1 =   D:2 [   D:11 *((   Orc:1 =   Orc:2 :(*?*   Vaults:4 =

Annotations:
D:10 3 runed translucent doors, hgbash's ghost, journeyman TrFi
Lair:2 2 transporters, mandoloar's ghost, journeyman HOFi


Innate Abilities, Weirdness & Mutations

You have a pair of horns on your head.
You reflexively headbutt those who attack you in melee.


Message History

You headbutt the golden dragon!
The golden dragon is heavily wounded.
You hit the vault guard. You freeze the vault guard. You hit the tengu reaver.
You freeze the tengu reaver.
The tengu reaver is engulfed in freezing vapours.
The tengu reaver hits you but does no damage.
The tengu reaver pecks you but does no damage.
The tengu reaver claws you but does no damage.
The vault guard is engulfed in freezing vapours.
The vault guard hits you with a +0 long sword!
* * * LOW HITPOINT WARNING * * *
Your resistance to electricity fades away.
You feel protected from physical attacks.
A tengu reaver comes into view. It is wielding a +0 dire flail.
As you read the scroll of teleportation, it crumbles to dust.
You feel strangely unstable.
You hear a horrible gurgling sound!
The vault warden activates a sealing rune.
The tengu reaver barely misses you. You block the tengu reaver's attack.
The tengu reaver claws you but does no damage.
The vault guard is engulfed in freezing vapours.
The vault guard hits you but does no damage.
The golden dragon misses you. You furiously retaliate!
You headbutt the golden dragon!!
The golden dragon claws you but does no damage.
The golden dragon tramples you but does no damage.
The shadow dragon bites you but does no damage.
The shadow dragon claws you but does no damage.
The shadow dragon barely misses you.
The titan waves its arms in wide circles.
The air twists around and strikes you!
* * * LOW HITPOINT WARNING * * *
The vault guard is engulfed in freezing vapours.
You kill the vault guard!
Qazlal accepts your kill.
The golden dragon is engulfed in blazing flames.
You hear a horrible gurgling sound!
The golden dragon breathes cold at you. The bolt of cold hits you! You resist.
You die...

#.... #....# #....
#....## #....#
..##...○#####..$.#.#
........DQQ.#....#.###
...[...@§☼DpCQ.......
###########p.......###
.....pp.........
........<<[.....
..D....<$[<.....
..p....)<<......
####.p[))...###
.......p........
......#....#....


You could see a shadow dragon, a titan, a golden dragon (catching breath), a
vault warden, 3 tengu reavers and a hell knight.

Vanquished Creatures
  Mennas (Vaults:4)
  Mara (Spider:4)
  Bai Suzhen (Spider:4)
  Margery (Vaults:3)
  2 caustic shrikes (Depths:1)
  Arachne (Spider:3)
  A tentacled monstrosity (Vaults:5)
  Jorgrun (Spider:2)
  Asterion (Vaults:1)
  4 sphinxes
  A quicksilver dragon (Vaults:4)
  Agnes (D:15)
  A shadow dragon (D:14)
  4 tengu reavers
  Kirke (Lair:4)
  A storm dragon (Vaults:4)
  An azure jelly (Swamp:4)
  Donald (Vaults:2)
  A fenstrider witch (Swamp:3)
  A fire giant (Depths:1)
  A draconian knight (IceCv)
  6 ghost moths
  4 imperial myrmidons (Desolation)
  Roxanne (Spider:1)
  9 emperor scorpions
  20 ironbound preservers
  5 vault wardens
  A very ugly thing (Vaults:4)
  3 orc warlords
  3 war gargoyles (Vaults:4)
  5 eleionomae
  A vampire knight (Vaults:3)
  4 formless jellyfish
  2 stone giants
  A deep elf demonologist (Vaults:2)
  7 ironbound thunderhulks
  8 dire elephants (Vaults:2)
  5 bunyips
  3 spark wasps
  5 white draconians (IceCv)
  4 ettins
  2 crystal guardians
  A deep elf death mage (Vaults:3)
  The ghost of Fractals the Fighter, a journeyman MiFi of Qazlal (Lair:1)
  A jiangshi (Vaults:3)
  6 entropy weavers
  9 yaktaur captains
  12 servants of whispers (Desolation)
  A shambling mangrove (Swamp:4)
  24 vault guards
  9 ragged hierophants (Desolation)
  9 great orbs of eyes
  13 peacekeepers
  A radroach (Spider:4)
  3 ice dragons
  8 hydras
  9 alligators
  6 ironbound frosthearts
  Erica (D:11)
  2 catoblepae
  3 jorogumos
  2 ogre magi (Vaults:5)
  The ghost of RepHenryClay the Nimble, a journeyman DrCj of Vehumet (Lair:1)
  24 centaur warriors
  3 ghost crabs
  6 two-headed ogres
  A merfolk avatar (Lair:5)
  11 boulder beetles
  5 tengu warriors (Depths:1)
  A deep troll earth mage (Vaults:3)
  7 demonic crawlers
  An occultist (D:15)
  A death scarab (Spider:4)
  10 hell knights
  Urug (Lair:4)
  2 goliath frogs
  3 skysharks
  6 skeletal warriors (D:15)
  A sea snake (Lair:5)
  A sun moth (Spider:4)
  3 pharaoh ants
  A death drake (Swamp:2)
  8 spectral hydras
  2 large abominations (Swamp:2)
  4 spriggan druids
  8 orb spiders
  7 bog bodies
  An orange crystal statue (IceCv)
  64 deep trolls
  4 swamp dragons
  3 goliath frog zombies (Swamp:2)
  20 ironbound convokers
  14 orc knights
  10 steelbarb worms
  A harpy (Vaults:2)
  5 arcanists
  17 lindwurms
  6 phantasmal warriors
  26 wolf spiders
  5 necromancers
  4 deep elf pyromancers
  12 ugly things
  2 alligator zombies (Swamp:2)
  4 manticores
  5 will-o-the-wisps
  2 oklob plants (Spider:1)
  3 moths of wrath
  4 cyclopes
  An ice statue (Swamp:3)
  15 vault sentinels
  2 elephants (Lair:5)
  A black mamba (shapeshifter) (D:13)
  2 black mambas
  3 guardian serpents (Desolation)
  Joseph (D:9)
  2 molten gargoyles (Desolation)
  10 cane toads
  A gargoyle (D:12)
  A kobold demonologist (D:12)
  3 torpor snails
  8 storm dragon simulacra (IceCv)
  4 rime drakes
  7 komodo dragons
  An efreet (D:15)
  6 swamp worm zombies (Swamp:2)
  6 freezing wraiths
  14 yaktaurs
  2 ice devils (D:9)
  4 tengu conjurers
  An elf skeleton (Vaults:1)
  3 meliai (Spider:4)
  A bloated husk (Swamp:3)
  2 golden dragon simulacra (IceCv)
  11 tyrant leeches
  5 trolls
  3 polar bears
  A wolf spider simulacrum (D:15)
  28 blink frogs
  8 hornets
  A spectral swamp dragon (Swamp:2)
  71 saltlings (Desolation)
  22 tarantellas
  A snapping turtle (Lair:5)
  Sigmund (D:3)
  33 jumping spiders
  21 slime creatures
  5 spriggans
  3 shadows
  A vampire (D:9)
  5 wyverns
  4 wraiths
  3 tyrant leech zombies (Swamp:2)
  29 culicivoras
  A spectral komodo dragon (Lair:3)
  50 yaks
  A steam dragon (D:8)
  Grum (D:11)
  5 basilisks
  2 swamp worm simulacra (Swamp:4)
  71 redbacks
  2 wargs
  7 vampire mosquitoes
  10 swamp worms
  An acid dragon (D:8)
  10 water moccasins
  15 hydra simulacra (Swamp:4)
  3 swamp drakes
  31 orc warriors
  2 ice beasts
  6 ice dragon simulacra (IceCv)
  4 black bears (D:10)
  6 ogres
  A spectral blink frog (Lair:3)
  A human zombie (Vaults:1)
  9 wolves
  5 boggarts (D:14)
  19 centaurs
  3 kobold brigands
  12 bullfrogs
  A glowing shapeshifter simulacrum (Vaults:1)
  6 scorpions
  14 wights
  2 troll zombies (Swamp:2)
  The ghost of dsb the Covert, a weakling GnDe (D:5)
  2 spriggan zombies (Swamp:2)
  5 lindwurm simulacra (IceCv)
  A howler monkey (D:10)
  5 hounds
  Crazy Yiuf (D:6)
  A gnoll bouda (D:4)
  16 orc priests
  7 sleepcaps
  Ijyb (D:3)
  3 hell rats (Lair:4)
  4 iguanas
  15 orc wizards
  3 gnolls
  12 adders
  7 white imps
  2 ufetubi (D:7)
  6 swamp drake simulacra (Swamp:4)
  3 worms
  5 dart slugs
  57 orcs
  5 bats
  7 endoplasms
  A giant cockroach (D:1)
  11 goblins
  9 hobgoblins
  16 jackals
  7 quokkas
  12 ball pythons
  4 frilled lizards
  15 kobolds
  5 rats
  A spectral weapon (D:15)
1486 creatures vanquished.

Vanquished Creatures (others)
  A skyshark (shapeshifter) (Vaults:5)
  A will-o-the-wisp (Swamp:3)
  2 bloated husks
  4 humans (Lair:4)
  A hell rat (Lair:4)
  A kobold (D:10)
  18 foxfires
28 creatures vanquished.

Grand Total: 1514 creatures vanquished

Notes
Turn   | Place    | Note
-------+----------+-------------------------------------------
     0 | D:1      | schwank the Minotaur Fighter began the quest for the Orb.
     0 | D:1      | Reached XP level 1. HP: 19/19 MP: 0/0
   152 | D:1      | Reached XP level 2. HP: 16/27 MP: 1/1
   217 | D:1      | Reached skill level 4 in Fighting
   522 | D:1      | Reached XP level 3. HP: 33/33 MP: 2/2
   796 | D:1      | Found Poysoont's Jewellery Emporium.
  1011 | D:2      | Found Dimellaff's Antique Armour Boutique.
  1202 | D:2      | Reached XP level 4. HP: 29/41 MP: 3/3
  1346 | D:2      | Identified the +1 cloak of Past Mistakes {rN++ Dex+3}
  1934 | D:2      | Reached XP level 5. HP: 47/47 MP: 4/4
  2264 | D:3      | Noticed Sigmund
  2289 | D:3      | Killed Sigmund
  2290 | D:3      | Reached skill level 5 in Fighting
  2290 | D:3      | Reached skill level 5 in Axes
  2290 | D:3      | Reached skill level 5 in Armour
  2290 | D:3      | Reached skill level 1 in Dodging
  2290 | D:3      | Reached XP level 6. HP: 52/56 MP: 5/5
  2576 | D:3      | Noticed Ijyb
  2591 | D:3      | Killed Ijyb
  2953 | D:4      | Reached XP level 7. HP: 61/61 MP: 6/6
  3612 | D:5      | Entered Level 5 of the Dungeon
  3630 | D:5      | Found a runed translucent door.
  3630 | D:5      | Noticed dsb's ghost (weakling GnDe)
  3844 | D:5      | Reached skill level 1 in Stealth
  3949 | D:5      | Reached skill level 6 in Fighting
  3949 | D:5      | Reached XP level 8. HP: 70/70 MP: 7/7
  4974 | D:6      | Found a basalt altar of Yredelemnul.
  5027 | D:6      | Reached skill level 10 in Axes
  5033 | D:6      | Reached skill level 7 in Fighting
  5169 | D:6      | Identified the +0 leather armour of Evolution {MP+9 Stlth+}
  5340 | D:6      | Found a runed translucent door.
  5341 | D:6      | Noticed Crazy Yiuf
  5346 | D:6      | Killed Crazy Yiuf
  5347 | D:6      | Reached XP level 9. HP: 79/79 MP: 8/8
  5840 | D:5      | Killed dsb's ghost
  6513 | D:7      | Found a staircase to the Ecumenical Temple.
  6519 | Temple   | Entered the Ecumenical Temple
  6535 | Temple   | Became a worshipper of Qazlal Stormbringer
  6693 | D:8      | Identified the +0 hat "Plog" {Will- Int+3 Dex+4}
  6699 | D:8      | Found a shimmering altar of Xom.
  6699 | D:8      | Found a shimmering altar of Xom.
  6699 | D:8      | Found a shimmering altar of Xom.
  6820 | D:8      | Reached skill level 1 in Invocations
  7251 | D:8      | Noticed a wind drake
  7253 | D:8      | Found a shimmering altar of Xom.
  7253 | D:8      | Noticed a wind drake
  7254 | D:8      | Found a shimmering altar of Xom.
  7254 | D:8      | Found a shimmering altar of Xom.
  7254 | D:8      | Found a shimmering altar of Xom.
  7254 | D:8      | a wind drake changed into an entropy weaver
  7254 | D:8      | Noticed an entropy weaver (shapeshifter)
  7466 | D:9      | Reached skill level 8 in Fighting
  7634 | D:9      | Reached XP level 10. HP: 66/86 MP: 11/11
  7937 | D:1      | Bought the amulet of the Supporting Quests {Reflect Fly rF+
                  | Int+2 SH+5 Stlth+} for 531 gold pieces
  8257 | D:9      | Reached * piety under Qazlal
  8301 | D:9      | Noticed Joseph
  8312 | D:9      | Killed Joseph
  8610 | D:9      | Found the +8 frozen axe "Frostbite" {freeze, freezing
                  | cloud, *Noise Fly rC+}
  8848 | D:10     | Entered Level 10 of the Dungeon
  8860 | D:10     | Noticed a two-headed ogre
  8863 | D:10     | Noticed a boulder beetle
  8864 | D:10     | Noticed a boulder beetle
  8864 | D:10     | Noticed a catoblepas
  8865 | D:10     | Killed a two-headed ogre
  8882 | D:9      | Killed a boulder beetle
  9266 | D:10     | Killed a catoblepas
  9267 | D:10     | Reached skill level 9 in Fighting
  9267 | D:10     | Reached skill level 5 in Invocations
  9267 | D:10     | Reached XP level 11. HP: 66/97 MP: 13/13
  9300 | D:10     | Killed a boulder beetle
  9477 | D:10     | Found the +10 dark maul {heavy}
  9567 | D:10     | Noticed a two-headed ogre
  9585 | D:10     | Killed a two-headed ogre
  9586 | D:10     | Reached skill level 10 in Armour
  9718 | D:10     | Found a staircase to the Lair.
  9857 | D:10     | Found a shadowy altar of Dithmenos.
  9898 | D:10     | Noticed a two-headed ogre
  9938 | D:10     | Killed a two-headed ogre
 10053 | D:10     | Reached ** piety under Qazlal
 10154 | D:10     | Identified the +1 robe "Zeaveg" {Dex+2 Stlth+}
 10180 | D:10     | Found a staircase to the Orcish Mines.
 10239 | D:10     | Found an ancient bone altar of Kikubaaqudgha.
 10240 | D:10     | Found a shimmering blue altar of Sif Muna.
 10242 | D:10     | Found an iron altar of Okawaru.
 10263 | D:10     | Found a runed translucent gate.
 10263 | D:10     | Found a runed translucent gate.
 10264 | D:10     | Found a runed translucent gate.
 10265 | D:10     | Noticed hgbash's ghost (journeyman TrFi)
 10625 | Orc:1    | Entered Level 1 of the Orcish Mines
 10992 | Orc:2    | Entered Level 2 of the Orcish Mines
 11034 | Orc:2    | Reached skill level 15 in Axes
 11317 | Orc:2    | Noticed an orc knight
 11344 | Orc:2    | Noticed a two-headed ogre
 11350 | Orc:2    | Killed a two-headed ogre
 11357 | Orc:1    | Reached skill level 10 in Fighting
 11357 | Orc:1    | Killed an orc knight
 12038 | Orc:2    | Reached *** piety under Qazlal
 12159 | Orc:2    | Reached XP level 12. HP: 106/106 MP: 16/16
 12477 | Orc:2    | Found Qiplopi's Book Boutique.
 12519 | Orc:2    | Noticed a centaur warrior
 12528 | Orc:2    | Killed a centaur warrior
 12798 | Orc:2    | Found Zusuisedgh's General Store.
 12798 | Orc:2    | Found Bynwei Rapi's Magic Scroll Emporium.
 12798 | Orc:2    | Found Jogeilaa's Assorted Antiques.
 12801 | Orc:2    | Found Piviol's Antique Weapon Shop.
 12976 | Orc:2    | Found a staircase to the Elven Halls.
 13086 | Orc:1    | Reached **** piety under Qazlal
 13189 | Orc:1    | Found a radiant altar of Vehumet.
 13283 | Orc:1    | Found Goczih's Jewellery Emporium.
 13471 | Lair:1   | Entered Level 1 of the Lair of Beasts
 13560 | Lair:1   | Found a runed translucent gate.
 13564 | Lair:1   | Found a runed translucent gate.
 13564 | Lair:1   | Identified the +5 scale mail of the Eleven Artisans {Str+5}
 13600 | Lair:1   | Found a runed translucent gate.
 13697 | Lair:1   | Noticed a catoblepas
 13704 | Lair:1   | Killed a catoblepas
 14105 | Lair:1   | Noticed Fractals's ghost (journeyman MiFi)
 14106 | Lair:1   | Noticed RepHenryClay's ghost (journeyman DrCj)
 15366 | Lair:2   | Reached skill level 11 in Fighting
 15366 | Lair:2   | Found a transporter.
 15386 | Lair:2   | Noticed a catoblepas
 15386 | Lair:2   | Noticed mandoloar's ghost (journeyman HOFi)
 15395 | Lair:2   | Found a transporter.
 16004 | Lair:3   | Found a hole to the Spider Nest.
 16338 | Lair:3   | Noticed a ghost crab
 16348 | Lair:3   | Reached XP level 13. HP: 82/115 MP: 18/18
 16350 | Lair:3   | Reached ***** piety under Qazlal
 16364 | Lair:3   | Found a staircase to the Swamp.
 17109 | Lair:4   | Noticed Urug
 17110 | Lair:4   | Noticed Kirke
 17120 | Lair:4   | Killed Urug
 17125 | Lair:4   | Killed Kirke
 17211 | Lair:4   | Found a viscous altar of Jiyva.
 17212 | Lair:4   | Found a staircase to the Slime Pits.
 17362 | Lair:4   | Identified the +2 short sword of the Vendetta {flame,
                  | *Noise rF+ rCorr}
 17964 | Lair:5   | Entered Level 5 of the Lair of Beasts
 17982 | Lair:5   | Reached skill level 12 in Fighting
 18445 | Lair:5   | Identified the +0 cloak "Qunueg" {rElec Will+ Slay+5 SInv}
 18557 | Lair:5   | Reached XP level 14. HP: 71/127 MP: 20/20
 19224 | Lair:5   | Identified the +10 demon trident of Oqiade {spect, *Rage
                  | Int+5 Stlth+}
 19588 | Lair:1   | Identified a scroll of acquirement
 19594 | Lair:1   | Killed RepHenryClay's ghost
 19595 | Lair:1   | Reached skill level 10 in Invocations
 19597 | Lair:1   | Killed Fractals's ghost
 19831 | Swamp:1  | Entered Level 1 of the Swamp
 19856 | Lair:3   | Reached skill level 13 in Fighting
 21035 | Swamp:2  | Reached ****** piety under Qazlal
 21832 | Swamp:2  | Reached XP level 15. HP: 83/137 MP: 22/22
 22300 | Swamp:2  | Identified the +8 great mace of Fate {freeze, Fragile rC+++
                  | Int+3}
 22303 | Swamp:2  | Identified the +7 longbow of the Land of Plenty {drain,
                  | rElec Will- Str+8 Dex+2}
 22717 | Swamp:3  | Noticed a fenstrider witch
 22723 | Swamp:3  | Reached skill level 14 in Fighting
 22728 | Swamp:3  | Killed a fenstrider witch
 22768 | Swamp:3  | Found a frozen archway.
 22794 | IceCv    | Entered an ice cave
 23179 | IceCv    | Noticed a white draconian knight
 23187 | IceCv    | Killed a white draconian knight
 23222 | IceCv    | Identified the amulet "Nukehiep" {Spirit Stlth+}
 23225 | IceCv    | Identified the amulet of Toyf {RegenMP Str+4 Dex+3}
 23231 | IceCv    | Identified the amulet of Fidas {Reflect rF+ Str+2 Dex-2
                  | SH+5}
 23273 | IceCv    | Identified the ring of the Raven {rPois Will+ Int+2}
 24419 | Swamp:4  | Entered Level 4 of the Swamp
 24983 | Swamp:4  | Reached skill level 15 in Fighting
 25560 | Swamp:4  | Noticed an azure jelly
 25562 | Swamp:4  | Killed an azure jelly
 25706 | Swamp:4  | Got a decaying rune of Zot
 26283 | D:11     | Noticed Erica
 26283 | D:11     | Found Ytey's Antique Weapon Boutique.
 26290 | D:11     | Killed Erica
 26348 | D:11     | Reached XP level 16. HP: 149/149 MP: 24/24
 26483 | D:11     | Found Vilu Hax's Demolitions Depot.
 26483 | D:11     | Noticed Grum
 26487 | D:11     | Killed Grum
 26518 | D:11     | Found Zoev's Weapon Shop.
 26763 | D:12     | Identified the +3 sling of Xeqyehod {drain, +Blink Will+++
                  | rCorr Stlth-}
 27409 | D:12     | Acquired 475 gold pieces
 27410 | D:12     | Acquired the +1 pair of gloves "Jehe" {rF++}
 28797 | D:14     | Found a gate to the Vaults.
 28797 | D:14     | Noticed a shadow dragon
 28802 | D:14     | Killed a shadow dragon
 29041 | D:15     | Entered Level 15 of the Dungeon
 29074 | D:15     | Noticed Agnes
 29081 | D:15     | Killed Agnes
 29735 | D:15     | Reached skill level 16 in Fighting
 29797 | D:15     | Reached skill level 15 in Armour
 30050 | D:15     | Found a staircase to the Depths.
 30347 | Depths:1 | Entered Level 1 of the Depths
 30370 | Depths:1 | Noticed a caustic shrike
 30379 | Depths:1 | HP: 5/151 [acid (8)]
 30383 | Depths:1 | Noticed a tengu reaver
 30387 | Depths:1 | Killed a caustic shrike
 30393 | Depths:1 | Killed a tengu reaver
 30669 | Depths:1 | Noticed a caustic shrike
 30674 | Depths:1 | Noticed a tengu reaver
 30678 | Depths:1 | Killed a caustic shrike
 30680 | Depths:1 | Killed a tengu reaver
 30969 | Spider:1 | Entered Level 1 of the Spider Nest
 31192 | Spider:1 | Reached XP level 17. HP: 160/160 MP: 26/26
 31204 | Spider:1 | Reached skill level 17 in Fighting
 31697 | Spider:1 | Identified the granite talisman of Yrath {Dex+3 Slay+2}
 31697 | Spider:1 | Noticed Roxanne
 31704 | Spider:1 | Killed Roxanne
 32672 | Spider:2 | Noticed Jorgrun
 32688 | Spider:2 | Reached skill level 18 in Fighting
 33207 | Spider:2 | Killed Jorgrun
 33326 | Spider:2 | Got the Grimoire of Sizzling Changes
 33726 | Spider:3 | Noticed Arachne
 33764 | Spider:3 | Killed Arachne
 33765 | Spider:3 | Reached skill level 19 in Fighting
 34026 | Spider:3 | Identified the +3 glaive "Cezioth" {heavy, +Blink Dex+3}
 35059 | Spider:4 | Entered Level 4 of the Spider Nest
 35066 | Spider:4 | Noticed Bai Suzhen
 35081 | Spider:4 | Killed Bai Suzhen
 35461 | Spider:4 | Reached skill level 20 in Fighting
 35535 | Spider:4 | Reached XP level 18. HP: 178/178 MP: 27/27
 35710 | Spider:4 | Noticed Mara
 36039 | Spider:4 | Noticed schwank's illusion
 36045 | Spider:4 | Killed Mara
 36836 | Spider:4 | Reached skill level 21 in Fighting
 37211 | Spider:4 | Got a gossamer rune of Zot
 37562 | Vaults:1 | Entered Level 1 of the Vaults
 37706 | Vaults:1 | Reached skill level 1 in Evocations
 37958 | Vaults:1 | Identified the +5 kite shield of Nihilism {Will+ rCorr
                  | Str+4 Int+3}
 37958 | Vaults:1 | Noticed Asterion
 37972 | Vaults:1 | Killed Asterion
 38286 | Vaults:1 | Reached skill level 22 in Fighting
 39323 | Vaults:2 | Noticed Donald
 39341 | Vaults:2 | Killed Donald
 39568 | Vaults:2 | Reached XP level 19. HP: 170/193 MP: 29/29
 39670 | Vaults:2 | Reached skill level 23 in Fighting
 40244 | Vaults:2 | Identified the dragon-blood talisman "Gucleq" {rN+ Int+6}
 41001 | Vaults:3 | Found a staircase to the Crypt.
 41188 | Vaults:3 | Reached skill level 15 in Invocations
 41204 | Vaults:3 | Reached skill level 24 in Fighting
 41972 | Vaults:3 | Paralysed by a formless jellyfish for 1 turns
 42290 | Vaults:3 | Paralysed by a formless jellyfish for 1 turns
 42294 | Vaults:3 | Reached skill level 25 in Fighting
 42592 | Vaults:3 | Noticed Margery
 42606 | Vaults:3 | Killed Margery
 42823 | Vaults:3 | Reached XP level 20. HP: 199/211 MP: 30/30
 43591 | Vaults:4 | Found a crumbling gateway.
 43628 | Desolati | Entered the Desolation of Salt
 43642 | Desolati | Reached skill level 26 in Fighting
 43669 | Desolati | Identified the +11 arbalest of Heupsu {drain, Dex+2}
 43669 | Desolati | Identified the +6 war axe of Drought {spect, Str+7}
 43760 | Desolati | Identified the +6 flail of Afratua {elec, rC+ Int+2 Dex+2}
 44172 | Desolati | Reached skill level 27 in Fighting
 44357 | Desolati | Identified the ring of the Jolly Quests {rF+ Will+}
 44360 | Desolati | Identified the ring of Necveb {Drain Str+4 Int+6}
 44572 | Desolati | Identified the +2 falchion of Ymiyd {holy, rN+}
 44909 | Vaults:4 | Found Enelyts's Jewellery Boutique.
 45107 | Vaults:4 | Reached skill level 1 in Shapeshifting
 45366 | Vaults:4 | Reached XP level 21. HP: 212/224 MP: 32/32
 45792 | Vaults:5 | Entered Level 5 of the Vaults
 45802 | Vaults:5 | Reached skill level 5 in Shields
 45804 | Vaults:5 | Noticed Mennas
 45982 | Vaults:4 | Killed Mennas
 46395 | Vaults:5 | Noticed a golden dragon
 46829 | Vaults:5 | HP: 7/168 [titan/the air (14)]
 46830 | Vaults:5 | Killed from afar by a golden dragon

Illustrated notes

Levels and vault maps discovered:
D:1:      dpeg_arrival_rhombus, layout_loops_corners, serial_shops,
          nicolae_lakefront_shop, serial_bayou_lagoon_a
D:2:      layout_basic, serial_shops, shop, hangedman_decor_growths,
          minmay_snake_closets
D:3:      kennysheep_goblin_castle, layout_basic, uniq_ijyb, uniq_sigmund
D:4:      nicolae_cairo_tiling_large_dashed, layout_basic, kennysheep_orc_chapel
D:5:      layout_gridville, gammafunk_ghost_grave, minmay_tree_intersection
D:6:      layout_layer_cave, old_standard_altar, uniq_crazy_yiuf_cottage
D:7:      layout_loops_cross, minmay_temple_entry_proselytizer
D:8:      layout_gridville, xom_shifter_show
D:9:      layout_roguey, hellmonk_guarded_unrand_frostbite, uniq_joseph
D:10:     minmay_roctagon, layout_irregular_city,
          grunt_dithmenos_smoke_and_mirrors, nicolae_overflow_hidden_temple,
          due_lair_maze_entry_diamond, ebering_ghost_rock_garden
D:11:     layout_cave_pools, serial_shops, nicolae_shop_trees,
          kennysheep_mini_moat, nicolae_blasting_shop, kennysheep_potato,
          uniq_erica, uniq_grum
D:12:     layout_basic, minmay_gold_behind_fungi,
          minmay_fractal_squares_diagonal_5
D:13:     layout_loops_ring, minmay_misc_feat_diagonals
D:14:     layout_gridville, hellmonk_vaults_attempted_burglary
D:15:     hangedman_depths_entry_civil_slaughter, layout_stronghold,
          serial_rivers, chequers_serial_rivers_marsh,
          chequers_serial_rivers_small_b, chequers_serial_rivers_room_a,
          chequers_serial_rivers_micro_b, chequers_serial_rivers_large_a,
          uniq_agnes
Temple:   eino_temple_rhombus
Lair:1:   layout_big_grid, gammafunk_ghost_cemetery
Lair:2:   layout_regular_city, gammafunk_ghost_arena, grunt_megastairs_4
Lair:3:   layout_regular_city, nicolae_swamp_entry_spooky,
          nicolae_spider_entry_lesser_pyramids
Lair:4:   layout_loops_ring, slime_entry_1, uniq_kirke, uniq_urug
Lair:5:   gammafunk_lair_ancient_temple, layout_regular_city, minivault_25,
          bobbens_ice_dragon_lair, serial_bayou_shore_b
Swamp:1:  layout_basic_swamp, evilmike_swamp_ruin_rubble_1, swamp_pool_1_2
Swamp:2:  cheibrodos_swamp_mausoleum, layout_basic_swamp,
          evilmike_swamp_ruin_house_3
Swamp:3:  layout_basic_swamp, portal_ice_cave_entry_ice_statue_one,
          evilmike_swamp_ruin_house_1, swamp_pool_1_2, hangedman_swamp_cone,
          infiniplex_staircase_pool
Swamp:4:  swamp_icy, layout_basic_swamp, swamp_pool_1_2
Spider:1: spider_temple_joshua, uniq_roxanne
Spider:2: layout_spider_delve, guppyfry_spider_mini_2, uniq_jorgrun
Spider:3: mumra_spider_spiderweb, drop_trap, uniq_arachne
Spider:4: grunt_spider_rune_circles, dreamdust_wasp_nest, uniq_mara,
          uniq_bai_suzhen
Orc:1:    layout_caves, serial_shops, shop, basic_altar
Orc:2:    st_orc_rangers, layout_caves, serial_shops,
          nicolae_shop_pleasant_corner_grove
Vaults:1: ontoclasm_vaults_eye, nicolae_vaults_cochlea,
          ontoclasm_vaults_ligature, vaults_mumra_minichess_inversion,
          nicolae_vaults_tetromino_Z_1, v_misc_23,
          nicolae_vaults_closet_pinwheel_4, nicolae_vaults_tetromino_L_1,
          layout_vaults_omnigrid, uniq_asterion
Vaults:2: v_misc_9, hangedman_vaults_hat, nicolae_vaults_variable_pillar_hall,
          hangedman_vaults_unwind, nicolae_vaults_storage_room_glass,
          nicolae_vaults_prndl, nicolae_vaults_surprise_closet_hard,
          v_pattern_3, hangedman_vaults_locks, vaults_dpeg_hooks,
          nicolae_vaults_house_1, layout_vaults_chaotic_city, uniq_donald
Vaults:3: hangedman_vaults_slither, nicolae_vaults_storage_closets_3,
          vaults_mumra_hex, v_misc_27, v_misc_19, nicolae_vaults_weapon_check,
          vaults_room_boxed, minmay_crypt_entry_simple_corners, v_misc_25,
          nicolae_vaults_gold_heap, nicolae_vaults_double_plus_1, st_more_cells,
          layout_vaults_omnicross, uniq_margery
Vaults:4: portal_desolation_entry_twin_temple, nicolae_vaults_border_crossing,
          grunt_vaults_trifunnel, v_misc_22, nicolae_vaults_angled_halls,
          hangedman_vaults_cutoff, layout_vaults_maze_snakey, serial_shops,
          nicolae_shop_tiny_glass
Vaults:5: serial_shops, uniq_jory, uniq_mennas
Depths:1: layout_roguey, hangedman_tar_grid_catacomb,
          nicolae_gozag_cash_rules_everything_around_me, hangedman_aviary

Skill      XL: |  1  2  3  4  5  6  7  8  9 10 11 12 13 14 15 16 17 18 19 20 21 |
---------------+----------------------------------------------------------------+-----
Fighting       | 4 5 6 7 8 9 10 11 12 13 15 16 20 22 25 27 | 27.0
Armour         | 4 5 6 7 8 9 10 11 12 13 14 15 16 17 18 20 21 | 21.1
Axes           | 3 4 5 6 8 10 12 13 15 17 19 21 23 24 | 24.0
Dodging        | 1 2 3 4 |  4.7
Stealth        | 1 2 |  2.6
Invocations    | 2 5 6 8 9 11 12 13 14 15 16 | 16.7
Evocations     | 1 |  1.0
Shields        | 4 6 |  6.4
Shapeshifting  | 1 3 |  3.3

Action                     |  1- 3 |  4- 6 |  7- 9 | 10-12 | 13-15 | 16-18 | 19-21 || total
---------------------------+-------+-------+-------+-------+-------+-------+-------++-------
  Melee: War axe           |    87 |   135 |   269 |    68 |       |       |       ||   559
         Headbutt          |     6 |    15 |    69 |    61 |   139 |   195 |   158 ||   643
         Executioner's axe |       |       |       |   282 |   630 |   806 |   638 ||  2356
  Evoke: Wand              |       |       |       |       |       |     4 |       ||     4
    Use: Scroll            |       |       |     7 |    12 |    12 |    15 |     7 ||    53
         Potion            |       |       |     1 |     6 |     2 |     8 |    10 ||    27
 Armour: Scale mail        |    64 |    83 |   184 |    79 |       |       |       ||   410
         Skin              |       |     1 |       |       |       |       |       ||     1
         Crystal plate arm |       |       |       |   429 |   631 |   845 |   772 ||  2677
  Dodge: Dodged            |    47 |    67 |    92 |   157 |   160 |   276 |   170 ||   969
         Repelled          |       |       |       |       |    11 |     6 |     6 ||    23
  Block: Buckler           |    16 |    38 |    61 |    25 |       |       |       ||   140
         Other             |       |       |       |   155 |   240 |   358 |   277 ||  1030
         Reflection        |       |       |       |    71 |     6 |    24 |    15 ||   116

Table legend: (Time is in decaauts)
 A = Elapsed time spent in this place.
 B = Non-inter-level travel time spent in this place.
 C = Inter-level travel time spent in this place.
 D = Time resting spent in this place.
 E = Time spent auto-exploring this place.
 F = Levels seen in this place.
 G = Mean time per level.
                   A        B        C        D        E       F      G
               +--------+--------+--------+--------+--------+-----+--------+
         Total |  46537 |  44039 |   2498 |  16492 |  16353 |  39 | 1193.3 |
       Dungeon |  15360 |  14231 |   1129 |   2876 |   7809 |  15 | 1024.0 |
        Temple |     32 |      2 |     30 |      0 |      0 |   1 |   32.0 |
          Lair |   6949 |   6453 |    496 |   2333 |   2854 |   5 | 1389.8 |
         Swamp |   5390 |   5198 |    192 |   2546 |   1316 |   4 | 1347.5 |
   Spider Nest |   6284 |   6130 |    154 |   3314 |   1204 |   4 | 1571.0 |
  Orcish Mines |   2801 |   2717 |     84 |   1502 |    468 |   2 | 1400.5 |
        Vaults |   7918 |   7508 |    410 |   3201 |   2351 |   5 | 1583.6 |
        Depths |     98 |     98 |      0 |      0 |      0 |   1 |   98.0 |
      Ice Cave |    577 |    577 |      0 |    250 |     30 |   1 |  577.0 |
    Desolation |   1122 |   1122 |      0 |    468 |    321 |   1 | 1122.0 |
               +--------+--------+--------+--------+--------+-----+--------+

Top non-repeatable levels by time:
Vaults:3: 2469 daAuts
Spider:1: 2146 daAuts
Vaults:4: 2055 daAuts
 Swamp:2: 1929 daAuts
Spider:3: 1859 daAuts
  Lair:3: 1781 daAuts
Vaults:2: 1714 daAuts
Spider:4: 1709 daAuts
  Lair:2: 1674 daAuts
    D:15: 1664 daAuts
Vaults:1: 1628 daAuts
   Orc:1: 1605 daAuts
    D:10: 1578 daAuts
  Lair:5: 1571 daAuts
     D:6: 1506 daAuts
